 Dungeon Crawl Stone Soup version 0.29-a0-359-g541a27f54d (webtiles) character file.

Game seed: 4763351130498398486

126 Juicyj the Ruffian (level 4, 0/35 HPs)
             Began as a Draconian Transmuter on Apr 26, 2022.
             Succumbed to a killer bee's poison
             ... on level 4 of the Dungeon on Apr 27, 2022.
             The game lasted 00:09:42 (3178 turns).

Juicyj the Ruffian (Draconian Transmuter)           Turns: 3178, Time: 00:09:42

Health: 0/35       AC:  7    Str: 14    XL:     4   Next: 84%
Magic:  8/8        EV: 12    Int: 14    God:
Gold:   153        SH:  0    Dex: 11    Spells: 2/8 levels left

rFire   . . .      SeeInvis .     - Unarmed
rCold   . . .      Faith    .   (no shield)
rNeg    . . .      Spirit   .   (body armour unavailable)
rPois   .          Reflect  .   (helmet currently unavailable)
rElec   .          Harm     .   b - +1 cloak
rCorr   .          Rampage  .   (no gloves)
Will    .....                   (boots currently unavailable)
Stlth   +.........              (no amulet)
HPRegen 0.11/turn               (no ring)
MPRegen 0.11/turn               (no ring)

@: lethally poisoned (0 -> -11), appendages
A: horns 2, talons 2, AC +5, unfitting armour, cold-blooded
a: End Transformation


You were on level 4 of the Dungeon.
You had temporarily grown beastly horns and talons.
You visited 1 branch of the dungeon, and saw 4 of its levels.

You collected 153 gold pieces.

Inventory:

Hand Weapons
 i - a +3 quarterstaff of chaos
 j - a +1 mace of venom
Missiles
 d - a throwing net
Armour
 b - a +1 cloak (worn)
Scrolls
 e - a scroll of identify
 f - 2 scrolls of blinking
Potions
 a - 3 potions of lignification
 c - a potion of magic
 g - a potion of heal wounds
 h - a potion of might {unknown}
 k - a potion of attraction


   Skills:
 + Level 1.2 Fighting
 + Level 2.3 Dodging
 + Level 0.5 Stealth
 + Level 4.3 Unarmed Combat
 + Level 2.6 Spellcasting
 + Level 2.6 Transmutations


You had 2 spell levels left.
You knew the following spells:

 Your Spells              Type           Power      Damage    Failure   Level
a - Beastly Appendage     Tmut           18%        N/A       8%          1
b - Wereblood             Tmut           9%         N/A       11%         2
c - Spider Form           Tmut/Pois      5%         N/A       36%         3

Your spell library contained the following spells:

 Spells                   Type           Power      Damage    Failure   Level
 Call Canine Familiar     Summ           1%         N/A       54%         3
 Portal Projectile        Hex/Tloc       2%         N/A       54%         3
 Ice Form                 Ice/Tmut       5%         N/A       77%         4
 Animate Dead             Necr           0%         N/A       91%         4
 Leda's Liquefaction      Hex/Erth       0%         N/A       91%         4
 Haunt                    Necr/Summ      0%         N/A       100%        7
 Infestation              Necr           0%         N/A       100%        8


Dungeon Overview and Level Annotations

Branches:
Dungeon (4/15)             Temple (0/1) D:4

Altars:

Annotations:
D:4 Eustachio


Innate Abilities, Weirdness & Mutations

You have temporarily grown beastly horns and talons.
Your plain brown scales are hard. (AC +5)
You cannot fit into any form of body armour.
You are cold-blooded and may be slowed by cold attacks.


Message History

The hound barks!
An endoplasm comes into view.
The killer bee stings you but does no damage.
You barely miss the killer bee.
The endoplasm quivers.
Your kick misses the killer bee. The killer bee stings you.
You are poisoned.
The killer bee poisons you!
You hit the killer bee.
The killer bee is moderately wounded.
You feel sick.
A killer bee comes into view.
The killer bee barely misses you.
A killer bee comes into view.
The killer bee stings you.
The killer bee moves out of view.
You feel sick. The killer bee stings you.
You are more poisoned.
The killer bee poisons you!
You feel sick.
The killer bee buzzes angrily.
You hear an angry buzzing noise.
You hear a shout!
The hound attacks as you move away! The hound barely misses you.
You feel sick.
The killer bee attacks as you move away!
The killer bee closely misses you.
Eustachio the Magnificent comes into view.
He is wielding a +0 rapier.
You feel sick.
Eustachio shouts!
You feel sick. The killer bee stings you.
You are lethally poisoned!
The killer bee poisons you!
* * * LOW HITPOINT WARNING * * *
You feel very sick. The killer bee closely misses you.
A giant cockroach comes into view.
Eustachio misses you. The killer bee misses you.
The hound bites you but does no damage.
The killer bee attacks as you move away!
The killer bee stings you.
* * * LOW HITPOINT WARNING * * *
You die...

....†..#. #...............
.⌠.....## ##...............
.8......## ##.....#+##.....#
.........## ##..............#
..........#+#.#.............#
#.................#.........#
....................y.n.y......
.......##........yy.####..y....
#########.......@.h.# .##....
#.................@.# .# ...
#(###.............#.# .. ..
....'................# .. .
##+##.......##...#..... ...
........................
.....................B...
...†..............#...##.
..<##...........


You could see Eustachio, a necrophage, a hound, 3 killer bees and a giant
cockroach (wandering).

Vanquished Creatures
  Crazy Yiuf (D:3)
  2 adders
  2 worms
  8 orcs
  5 endoplasms
  4 giant cockroaches
  10 goblins
  4 hobgoblins
  7 jackals
  2 kobolds
  A quokka (D:3)
  5 ball pythons
  2 bats
  3 frilled lizards
  5 rats
61 creatures vanquished.

Notes
Turn   | Place    | Note
-------+----------+-------------------------------------------
     0 | D:1      | Juicyj the Draconian Transmuter began the quest for the
                  | Orb.
     0 | D:1      | Reached XP level 1. HP: 16/16 MP: 3/3
     0 | D:1      | Upgraded the game from 0.29-a0-356-g7bc237e783 to
                  | 0.29-a0-359-g541a27f54d
   282 | D:1      | Reached XP level 2. HP: 21/23 MP: 3/5
   901 | D:2      | Reached XP level 3. HP: 28/28 MP: 4/6
  1146 | D:2      | You fall into a shaft and drop 1 floor!
  1967 | D:3      | Learned a level 2 spell: Wereblood
  1976 | D:3      | Found a faded altar of an unknown god.
  1997 | D:3      | Reached skill level 4 in Unarmed Combat
  2282 | D:3      | Found a runed translucent door.
  2283 | D:3      | Noticed Crazy Yiuf
  2320 | D:3      | Reached XP level 4. HP: 35/35 MP: 5/7
  2745 | D:3      | Killed Crazy Yiuf
  3050 | D:4      | Found a staircase to the Ecumenical Temple.
  3112 | D:4      | Learned a level 3 spell: Spider Form
  3169 | D:4      | Noticed a necrophage
  3175 | D:4      | Noticed Eustachio
  3178 | D:4      | Succumbed to a killer bee's poison

Illustrated notes

Levels and vault maps discovered:
D:1:      minmay_arrival_glassed_features, layout_basic, lemuel_another_geyser
D:2:      layout_basic
D:3:      layout_loops_cross, basic_ecumenical_altar, uniq_crazy_yiuf_cottage
D:4:      layout_basic, lemuel_round_altar,
          minmay_temple_entry_drinking_statues, hangedman_abyss_or_decor_slice,
          uniq_eustachio

Skill      XL: |  1  2  3 |
---------------+----------+-----
Dodging        | 2 |  2.3
Unarmed Combat | 4 |  4.3
Fighting       | |  1.2
Stealth        | |  0.5
Spellcasting   | |  2.6
Transmutations | |  2.6

Action                   |  1- 3 |  4- 6 || total
-------------------------+-------+-------++-------
Melee: Unarmed           |   120 |    67 ||   187
       Tailslap          |     8 |     6 ||    14
       Kick              |    12 |    11 ||    23
       Headbutt          |    14 |     2 ||    16
       Punch             |     1 |     2 ||     3
 Cast: Beastly Appendage |    26 |     8 ||    34
  Use: Scroll            |     9 |       ||     9
       Potion            |     2 |       ||     2
 Stab: Sleeping          |     1 |     1 ||     2
Armor: Skin              |    56 |    34 ||    90
Dodge: Dodged            |   102 |    51 ||   153

Table legend: (Time is in decaauts)
 A = Elapsed time spent in this place.
 B = Non-inter-level travel time spent in this place.
 C = Inter-level travel time spent in this place.
 D = Time resting spent in this place.
 E = Time spent auto-exploring this place.
 F = Levels seen in this place.
 G = Mean time per level.
                   A        B        C        D        E       F      G
               +--------+--------+--------+--------+--------+-----+--------+
         Total |   3170 |   3108 |     62 |    209 |   2312 |   4 |  792.5 |
       Dungeon |   3170 |   3108 |     62 |    209 |   2312 |   4 |  792.5 |
               +--------+--------+--------+--------+--------+-----+--------+

Top non-repeatable levels by time:
     D:2: 1104 daAuts
     D:3: 914 daAuts
     D:1: 799 daAuts
     D:4: 351 daAuts
